 Dungeon Crawl Stone Soup version 0.21.1-1-g345015f (webtiles) character file.

166 Iko the Slasher (level 5, -6/46 HPs)
             Began as a Minotaur Fighter on June 14, 2018.
             Mangled by an orc warrior
             ... wielding a +0 hand axe
              (15 damage)
             ... on level 5 of the Dungeon.
             The game lasted 00:03:22 (428 turns).

Iko the Slasher (Minotaur Fighter)                   Turns: 428, Time: 00:03:23

Health: -6/46      AC:  3    Str: 25    XL:     5   Next: 22%
Magic:  4/4        EV:  9    Int:  6    God:
Gold:   38         SH: 10    Dex: 10    Spells: 4/4 levels left

rFire    + . .     SeeInvis .   a - +0 long sword
rCold    . . .     Gourm    .   c - +0 shield
rNeg     . . .     Faith    .   e - +0 leather armour {rF+}
rPois    .         Spirit   .   (helmet restricted)
rElec    .         Reflect  .   (no cloak)
rCorr    .         Harm     .   (no gloves)
MR       .....                  (no boots)
Stlth    +.........             (no amulet)
HPRegen  0.15/turn              (no ring)
MPRegen  0.09/turn              (no ring)

@: mighty
A: retaliatory headbutt, horns 2
a: no special abilities


You were on level 5 of the Dungeon.
You were not hungry.

You visited 1 branch of the dungeon, and saw 5 of its levels.

You collected 38 gold pieces.

Inventory:

Hand Weapons
 a - a +0 long sword (weapon)
Armour
 c - a +0 shield (worn)
 d - a +0 pair of boots
 e - a +0 leather armour of fire resistance (worn)
Wands
 b - a wand of enslavement (13)
Comestibles
 f - a ration


   Skills:
 + Level 4.3 Fighting
 + Level 4.9 Long Blades
 + Level 4.5 Armour
 + Level 0.1 Dodging
 + Level 4.4 Shields


You had 4 spell levels left.
You didn't know any spells.

Dungeon Overview and Level Annotations

Branches:
Dungeon (5/15)
 Temple: D:4-7

Altars:


Innate Abilities, Weirdness & Mutations

You reflexively headbutt those who attack you in melee.
You have a pair of horns on your head.


Message History

You have reached level 5!
Your orc warrior looks more experienced.
A worm comes into view.
Things that are here:
a trident; a shiny ring mail; an orc corpse You see here a pair of boots.
d - a pair of boots The worm bites you but does no damage.
Your orc warrior hits the worm with a hand axe.
Your orc warrior hits the worm with a hand axe!
Your orc warrior hits the worm with a hand axe.
The worm dies!
The orc warrior is no longer charmed.
The orc warrior hits you but does no damage.
You barely miss the orc warrior. Your headbutt misses the orc warrior.
You block the orc warrior's attack.
You closely miss the orc warrior. You headbutt the orc warrior!
The orc warrior is moderately wounded.
The orc warrior hits you with a hand axe!
You die...

##..## ##.....###
##........##
##..........###
##.............##
##.........<.....#
#.........)).....#
#..........)....##
#..@...........#
#..o...........#
#................#
##.............###
.................#
########.........#
#########..# ..#


You could see an orc warrior.

Vanquished Creatures
  2 crimson imps (D:5)
  A worker ant (D:4)
  An ooze (D:1)
  A worm (D:2)
  An orc (D:5)
  2 giant cockroaches (D:1)
  A goblin (D:3)
  3 jackals (D:4)
  A bat (D:1)
  2 kobolds (D:2)
  5 rats
20 creatures vanquished.

Vanquished Creatures (collateral kills)
  A phantom (D:5)
  A worm (D:5)
  An orc (D:5)
3 creatures vanquished.

Vanquished Creatures (others)
  An orc (D:5)
1 creature vanquished.

Grand Total: 24 creatures vanquished

Notes
Turn   | Place    | Note
-------+----------+-------------------------------------------
     0 | D:1      | Iko the Minotaur Fighter began the quest for the Orb.
     0 | D:1      | Reached XP level 1. HP: 19/19 MP: 0/0
     2 | D:1      | Noticed a ghoul
     2 | D:1      | Noticed a formicid
     4 | D:1      | Noticed a felid
     4 | D:1      | Noticed a troll
     6 | D:1      | Noticed a centaur
     6 | D:1      | Noticed a demigod
     8 | D:1      | Noticed a vine stalker
    10 | D:1      | Noticed a minotaur
    10 | D:1      | Noticed a naga
    12 | D:1      | Noticed a human
    12 | D:1      | Noticed a gargoyle
    14 | D:1      | Noticed a merfolk
    16 | D:1      | Noticed a halfling
    18 | D:1      | Noticed a tengu
    18 | D:1      | Noticed a dwarf
    20 | D:1      | Noticed an ogre
    20 | D:1      | Noticed a vampire
    22 | D:1      | Noticed a draconian
    22 | D:1      | Noticed a demonspawn
    24 | D:1      | Noticed a spriggan
    24 | D:1      | Noticed an elf
    26 | D:1      | Noticed an octopode
    57 | D:1      | Reached XP level 2. HP: 27/27 MP: 1/1
   373 | D:4      | Reached XP level 3. HP: 12/33 MP: 2/2
   384 | D:5      | Entered Level 5 of the Dungeon
   388 | D:5      | Noticed an orc warrior
   388 | D:5      | Reached XP level 4. HP: 14/40 MP: 3/3
   389 | D:5      | Noticed a phantom
   400 | D:5      | Killed a phantom
   400 | D:5      | Reached XP level 5. HP: 5/46 MP: 4/4
   428 | D:5      | Mangled by an orc warrior

Skill      XL: |  1  2  3 |
---------------+----------+-----
Armour         | 4 |  4.5
Fighting       | 4 |  4.3
Long Blades    | 3 4 |  4.9
Shields        | 4 |  4.4
Dodging        | |  0.1

Action                   |  1- 3 |  4- 6 || total
-------------------------+-------+-------++-------
Melee: Long sword        |    44 |     9 ||    53
       Headbutt          |     5 |     2 ||     7
Evoke: Wand              |     1 |     2 ||     3
  Use: Scroll            |     2 |       ||     2
       Potion            |       |     1 ||     1
Armor: Scale mail        |     8 |       ||     8
       Leather armour    |     2 |     2 ||     4
Dodge: Dodged            |    15 |     4 ||    19
Block: Shield            |    22 |    10 ||    32
       Rpst.: Long sword |     3 |     2 ||     5
